 Dungeon Crawl Stone Soup version 0.22-a0-303-g4a852b3 (webtiles) character file.

4350 galech the Cleaver (level 10, -4/88 HPs)
             Began as a Minotaur Fighter on Mar 27, 2018.
             Was a Priest of Okawaru.
             Slain by an orc warrior (18 damage)
             ... in a bailey.
             The game lasted 00:18:13 (7865 turns).

galech the Cleaver (Minotaur Fighter)               Turns: 7865, Time: 00:18:14

Health: -4/88      AC: 16    Str: 20    XL:     10   Next: 12%
Magic:  9/9        EV:  5    Int:  5    God:    Okawaru [***...]
Gold:   273        SH: 11    Dex: 14    Spells: 9/9 levels left

rFire    . . .     SeeInvis +   I - +4 hand axe
rCold    . . .     Gourm    .   c - +0 shield
rNeg     . . .     Faith    .   i - +0 plate armour
rPois    .         Spirit   .   (helmet restricted)
rElec    .         Reflect  .   (no cloak)
rCorr    .         Harm     .   A - +0 pair of gloves
MR       .....                  l - +0 pair of boots
Stlth    ..........             (no amulet)
HPRegen  0.24/turn              m - +3 ring of slaying
MPRegen  0.11/turn              j - +3 ring of slaying

@: no status effects
A: retaliatory headbutt, beak, claws 1, horns 2, see invisible
a: Heroism, Renounce Religion


You were in a bailey.
You worshipped Okawaru.
Okawaru was most pleased with you.
You were not hungry.

You visited 2 branches of the dungeon, and saw 10 of its levels.
You also visited: Sewer, Ossuary and Bailey.

You collected 468 gold pieces.
You spent 195 gold pieces at shops.

Inventory:

Hand Weapons
 a - a +0 war axe
 I - a +4 hand axe (weapon)
Armour
 c - a +0 shield (worn)
 i - a +0 plate armour (worn)
 l - a +0 pair of boots (worn)
 A - a +0 pair of gloves (worn)
 J - a +0 robe of positive energy
Jewellery
 j - a +3 ring of slaying (right hand)
 m - a +3 ring of slaying (left hand)
 o - an uncursed ring of magical power
 y - an uncursed ring of ice
 B - an uncursed ring of protection from cold
Wands
 w - a wand of random effects (35)
 H - a wand of flame (23)
Scrolls
 g - 3 scrolls of amnesia
 h - 10 scrolls of teleportation
 n - a scroll of magic mapping
 q - 5 scrolls of enchant weapon
 r - 2 scrolls of remove curse
 s - 4 scrolls of enchant armour
 t - a scroll of immolation
 u - a scroll of fear
 C - 3 scrolls of blinking {unknown}
 G - 3 scrolls of identify
Potions
 b - 2 potions of lignification {unknown}
 d - 4 potions of might
 e - a potion of curing
 k - 2 potions of haste
 p - a potion of experience {unknown}
 v - a potion of ambrosia {unknown}
 x - 2 potions of degeneration {unknown}
 z - 5 potions of flight
 D - 2 potions of cancellation {unknown}
Comestibles
 f - 17 rations


   Skills:
 + Level 7.6 Fighting
 + Level 12.8 Axes
 + Level 7.7 Armour
 + Level 0.2 Dodging
 + Level 0.1 Stealth
 + Level 7.8 Shields


You had 9 spell levels left.
You didn't know any spells.

Dungeon Overview and Level Annotations

Branches:
Dungeon (9/15)             Temple (1/1) D:5
   Lair: D:8-11         Orc: D:9-12

Altars:
Ashenzari
Cheibriados
Dithmenos
Fedhas
Hepliaklqana
Nemelex Xobeh
Okawaru
Sif Muna
Trog
Vehumet
Xom
Zin
The Shining One

Shops:
D:5 :   D:8 !


Innate Abilities, Weirdness & Mutations

You reflexively headbutt those who attack you in melee.
You have a pair of horns on your head.
You have a beak for a mouth.
You have sharp fingernails.
You have supernaturally acute eyesight. (SInv)


Message History

You block the orc knight's attack.
You barely miss the orc knight.
The orc knight is heavily wounded.
You closely miss the orc warrior. The orc warrior hits you!
* * * LOW HITPOINT WARNING * * *
You feel better.
The orc knight hits you but does no damage.
The orc warrior barely misses you. You furiously retaliate!
You headbutt the orc warrior!!
You feel better. The orc knight barely misses you.
The orc warrior barely misses you.
You feel better. The orc knight hits you with a halberd.
The orc warrior hits you!
* * * LOW HITPOINT WARNING * * *
You feel better. The orc warrior hits you.
* * * LOW HITPOINT WARNING * * *
The orc knight hits you with a halberd!
* * * LOW HITPOINT WARNING * * *
You feel better. The orc warrior hits you!!
You die...

### ### #
##∩###########.##
.##.(.##.....##..%#
..#(()#..≈≈≈..#...#
≈..)(...≈≈o≈≈.#...#
≈...(...≈.oo≈.(...#
≈..((...≈≈o≈≈(#((.#
..#.(.#..≈≈≈.(#(oo#
.##.∩.##..((.##.@.#
# ##∩###########(##
### ###


You could see an orc knight and an orc warrior.

Vanquished Creatures
  2 hippogriffs (D:8)
  Menkaure (D:6)
  Duvessa (D:4)
  A water moccasin (D:8)
  5 orc warriors
  A sky beast (D:5)
  2 phantoms
  An ice beast (D:7)
  4 ogres
  2 centaurs
  2 bullfrogs
  Dowan (D:4)
  A wyvern skeleton (D:8)
  4 scorpions
  7 wights
  3 howler monkeys (D:8)
  5 crimson imps
  A bullfrog zombie (D:5)
  2 hounds (D:6)
  2 jellies (D:8)
  2 orc priests
  A bullfrog skeleton (D:5)
  10 orc wizards
  A gnoll shaman (D:5)
  A human zombie (Ossuary)
  2 iguanas (D:7)
  A merfolk siren (Sewer)
  4 worker ants
  A merfolk avatar (Sewer)
  A big kobold zombie (Ossuary)
  3 mummies
  15 gnolls
  12 adders
  3 river rats (Sewer)
  A shadow imp (D:6)
  An adder zombie (Ossuary)
  5 worms
  2 dart slugs (D:2)
  8 leopard geckos
  37 orcs
  21 giant cockroaches
  3 hobgoblins
  3 jackals (D:6)
  12 kobolds
  3 quokkas
  6 ball pythons
  6 bats
  5 frilled lizards
  7 goblins
  3 goblin zombies (Ossuary)
  7 hobgoblin zombies (Ossuary)
  14 kobold zombies (Ossuary)
  7 orc zombies (Ossuary)
  A quokka skeleton (D:5)
  30 rats
  3 rat zombies (Ossuary)
290 creatures vanquished.

Notes
Turn   | Place    | Note
-------+----------+-------------------------------------------
     0 | D:1      | galech the Minotaur Fighter began the quest for the Orb.
     0 | D:1      | Reached XP level 1. HP: 19/19 MP: 0/0
   148 | D:1      | Reached XP level 2. HP: 27/27 MP: 1/1
   795 | D:2      | Reached XP level 3. HP: 33/33 MP: 2/2
  1093 | D:2      | Reached skill level 3 in Axes
  1293 | D:2      | Noticed a scorpion
  1300 | D:2      | Killed a scorpion
  1300 | D:2      | Reached XP level 4. HP: 33/41 MP: 2/3
  1572 | D:3      | Reached skill level 4 in Axes
  1572 | D:3      | Reached XP level 5. HP: 41/47 MP: 4/4
  1632 | D:3      | Reached skill level 5 in Axes
  2258 | D:4      | Reached XP level 6. HP: 52/55 MP: 5/5
  2515 | D:4      | Reached skill level 5 in Fighting
  2515 | D:4      | Reached skill level 6 in Axes
  2515 | D:4      | Reached skill level 5 in Shields
  2687 | D:4      | Noticed Duvessa
  2691 | D:4      | Noticed Dowan
  2708 | D:4      | Killed Duvessa
  2708 | D:4      | Reached skill level 5 in Armour
  2708 | D:4      | Reached XP level 7. HP: 32/61 MP: 6/6
  2722 | D:4      | Killed Dowan
  2722 | D:4      | Reached skill level 7 in Axes
  3226 | D:5      | Entered Level 5 of the Dungeon
  3379 | D:5      | Found a staircase to the Ecumenical Temple.
  3395 | Temple   | Entered the Ecumenical Temple
  3444 | Temple   | Became a worshipper of Warmaster Okawaru
  3525 | D:5      | Found a glowing drain.
  3545 | Sewer    | Entered a sewer
  3621 | Sewer    | Reached skill level 8 in Axes
  3767 | Sewer    | Reached XP level 8. HP: 54/70 MP: 7/7
  4109 | D:5      | Reached skill level 9 in Axes
  4274 | D:5      | Found Ydwyit's Book Shoppe.
  4307 | D:5      | Reached * piety under Okawaru
  4674 | D:6      | Found a shadowy altar of Dithmenos.
  4787 | D:6      | Reached skill level 10 in Axes
  4795 | D:6      | Found a glowing silver altar of Zin.
  5136 | D:6      | Reached ** piety under Okawaru
  5136 | D:6      | Reached XP level 9. HP: 67/78 MP: 8/8
  5250 | D:7      | Noticed Menkaure
  5256 | D:6      | Killed Menkaure
  5597 | D:7      | Found a sand-covered staircase.
  5606 | Ossuary  | Entered an ossuary
  5703 | Ossuary  | Reached skill level 11 in Axes
  6132 | D:7      | Found a blossoming altar of Fedhas.
  6408 | D:8      | Found a shimmering altar of Xom.
  6550 | D:8      | Reached *** piety under Okawaru
  6550 | D:8      | Reached skill level 12 in Axes
  6915 | D:8      | Found Gumicoun's Distillery.
  6923 | D:8      | Bought a potion of heal wounds for 75 gold pieces
  6923 | D:8      | Bought a potion of mutation for 120 gold pieces
  6923 | D:8      | Gained mutation: You have a beak for a mouth. [potion of mutation]
  6923 | D:8      | Gained mutation: You have sharp fingernails. [potion of mutation]
  6923 | D:8      | Gained mutation: You have supernaturally acute eyesight. (SInv) [potion of mutation]
  7201 | D:9      | Reached XP level 10. HP: 86/86 MP: 9/9
  7278 | D:9      | Found a flagged portal.
  7290 | Bailey   | Entered a bailey
  7292 | Bailey   | Noticed an orc knight
  7293 | Bailey   | Noticed an orc knight
  7840 | Bailey   | Noticed an orc knight
  7860 | Bailey   | HP: 1/88 [orc warrior (12)]
  7865 | Bailey   | Slain by an orc warrior

Vault maps used:
D:1:      nagdon_arrival_double_spiral
D:2:      minmay_roachtagon
D:3:      first_ration
D:4:      uniq_duvessa
D:5:      minmay_temple_entry_statues, portal_sewer_entry_f, serial_shops,
          nicolae_shop_window_shopping
D:6:      nicolae_overflow_crystal_walls, serial_glass, glass_columns_c,
          glass_columns_b, nicolae_dithmenos_shadow_blocks
D:7:      kennysheep_mini_moat, gup_ossuary_entry_pyramid, uniq_menkaure
D:8:      nicolae_overflow_hidden_temple, serial_shops,
          nicolae_shop_statue_plus, grunt_pizzeria
D:9:      amethyst_overflow_temple_binary, lightli_bailey_entry_fortress,
          hangedman_corner_corridor
Temple:   minmay_crystal_spiral_temple
Sewer:    sewer_sea
Ossuary:  ossuary_tomb_1
Bailey:   bailey_polearm_4, bailey

Skill      XL: |  1  2  3  4  5  6  7  8  9 |
---------------+----------------------------+-----
Shields        | 4 5 6 7 |  7.8
Fighting       | 4 5 6 7 |  7.6
Armour         | 4 5 6 7 |  7.7
Axes           | 3 4 5 6 8 10 12 | 12.8
Dodging        | |  0.2
Stealth        | |  0.1

Action                   |  1- 3 |  4- 6 |  7- 9 | 10-12 || total
-------------------------+-------+-------+-------+-------++-------
Melee: War axe           |   100 |   114 |   378 |     4 ||   596
       Headbutt          |    17 |    28 |    74 |     6 ||   125
       Peck              |       |       |     2 |     7 ||     9
       Hand axe          |       |       |       |    23 ||    23
Invok: Heroism           |       |       |       |     2 ||     2
  Use: Potion            |       |     2 |     1 |     8 ||    11
       Scroll            |       |       |     9 |       ||     9
  Eat: Chunk             |     2 |     4 |    15 |     1 ||    22
       Ration            |       |       |       |     1 ||     1
Armor: Plate armour      |    65 |    90 |   165 |    17 ||   337
       Scale mail        |     2 |       |       |       ||     2
Dodge: Dodged            |    13 |    21 |    41 |    16 ||    91
Block: Shield            |    44 |    75 |   134 |    45 ||   298

Table legend:
 A = Spawn XP
 B = Non-spawn XP
 C = Spawn XP percentage of total XP
 D = Spawn monster count
 E = Non-spawn monster count
 F = Spawn count percentage of total count
 G = Total turns spent on level
                    A         B        C        D         E        F      G
               +---------+---------+-------+---------+---------+-------+---------
         Total |       0 |    6215 |   0.0 |       0 |     290 |   0.0 |  7865
               +---------+---------+-------+---------+---------+-------+---------
           D:1 |       0 |      27 |   0.0 |       0 |      18 |   0.0 |   712
           D:2 |       0 |     145 |   0.0 |       0 |      30 |   0.0 |   837
           D:3 |       0 |     162 |   0.0 |       0 |      28 |   0.0 |   528
           D:4 |       0 |     614 |   0.0 |       0 |      18 |   0.0 |  1149
           D:5 |       0 |     860 |   0.0 |       0 |      32 |   0.0 |   711
           D:6 |       0 |    1008 |   0.0 |       0 |      23 |   0.0 |   956
           D:7 |       0 |     728 |   0.0 |       0 |      26 |   0.0 |   701
           D:8 |       0 |    1553 |   0.0 |       0 |      24 |   0.0 |   816
           D:9 |       0 |     264 |   0.0 |       0 |       7 |   0.0 |    96
         Sewer |       0 |     181 |   0.0 |       0 |      40 |   0.0 |   506
       Ossuary |       0 |     142 |   0.0 |       0 |      39 |   0.0 |   180
        Bailey |       0 |     531 |   0.0 |       0 |       5 |   0.0 |   575
               +---------+---------+-------+---------+---------+-------+---------
